3L
JACKSONVILLE SHARKS @ PANAMA CITY PIRANHAS
08/18/2018
 
TOP OF THE 1ST
Jacksonville Sharks batting - Pitching for Panama City Piranhas : RHP Martin MacNamara
Pitching: RHP Martin MacNamara
Batting: SHB Gregg Wagner 0-0: Ball
1-0: Called Strike
1-1: Ball
2-1: Foul Ball, location: 2F
2-2: Strikes out looking
Batting: RHB Pedro Cruz 0-0: Called Strike
0-1: Foul Ball, location: 2F
0-2: Ball
1-2: Ball
2-2: Foul Ball, location: 2F
2-2: Strikes out swinging
Batting: RHB Luis Muńóz 0-0: Ball
1-0: Foul Ball, location: 2F
1-1: Called Strike
1-2: Fly out, F8 (Flyball, 8RM)
Top of the 1st over - 0 run(s), 0 hit(s), 0 error(s), 0 left on base; Jacksonville 0 - Panama City 0
BOTTOM OF THE 1ST
Panama City Piranhas batting - Pitching for Jacksonville Sharks : LHP William Davis
Pitching: LHP William Davis
Batting: RHB William Hull 0-0: Called Strike
0-1: Fly out, F4 (Popup, 4MD)
Batting: RHB Joel Lee 0-0: Called Strike
0-1: Called Strike
0-2: Strikes out swinging
Batting: SHB Marc Talamante 0-0: SINGLE (Flyball, 9S)
Batting: RHB Hal Romaine 0-0: Ball
1-0: Foul Ball, location: 2F
1-1: Foul Ball, location: 2F
1-2: Strikes out looking
Bottom of the 1st over - 0 run(s), 1 hit(s), 0 error(s), 1 left on base; Jacksonville 0 - Panama City 0
TOP OF THE 2ND
Jacksonville Sharks batting - Pitching for Panama City Piranhas : RHP Martin MacNamara
Batting: RHB Bertrand Sunter 0-0: Called Strike
0-1: Ball
1-1: Ball
2-1: Ball
3-1: Base on Balls
Batting: SHB Dustin Tucker 0-0: Ball
1-0: Ball
2-0: Ball
3-0: Base on Balls
Bertrand Sunter to second
Batting: RHB Randolph Davis 0-0: Ball
1-0: Ball
2-0: Swinging Strike
2-1: 3-RUN HOME RUN (Flyball, 8LXD), Distance : 430 ft
Batting: LHB Chris Henry 0-0: DOUBLE (Line Drive, 3L)
Batting: RHB Dave Knight 0-0: Ball
1-0: Ball
2-0: Ball
3-0: Called Strike
3-1: Swinging Strike
3-2: Foul Ball, location: 2F
3-2: Foul Ball, location: 2F
3-2: Strikes out swinging
Batting: LHB William Davis 0-0: Ground out 4-3 (Groundball, 4M)
Chris Henry to third
Batting: SHB Gregg Wagner 0-0: Ball
1-0: Called Strike
1-1: Ball
2-1: Ball
3-1: Foul Ball, location: 2F
3-2: Foul Ball, location: 2F
3-2: SINGLE (Line Drive, 34)
Chris Henry scores
Batting: RHB Pedro Cruz 0-0: Ball
1-0: Ball
2-0: Ball
3-0: Called Strike
3-1: Base on Balls
Gregg Wagner to second
Batting: RHB Luis Muńóz 0-0: Called Strike
0-1: Ball
1-1: SINGLE (Groundball, 56D)
Gregg Wagner to third
Pedro Cruz to second
Runner from 3rd tries for Home, SAFE, no throw or cutoff
Pitching: RHP Octávio Rodríguez
Batting: RHB Bertrand Sunter 0-0: Ball
1-0: Foul Ball, location: 2F
1-1: Ball
2-1: Swinging Strike
2-2: Strikes out looking
Top of the 2nd over - 5 run(s), 4 hit(s), 0 error(s), 2 left on base; Jacksonville 5 - Panama City 0
BOTTOM OF THE 2ND
Panama City Piranhas batting - Pitching for Jacksonville Sharks : LHP William Davis
Batting: RHB Harvey Porter 0-0: Foul Ball, location: 2F
0-1: Fly out, F8 (Flyball, 8LS)
Batting: SHB Wook-jin Pae 0-0: Swinging Strike
0-1: Ball
1-1: SINGLE (Line Drive, 6MD)
Batting: SHB Theodore Buck 0-0: Ball
Wook-jin Pae is caught stealing 2nd base
1-0: Foul Ball, location: 2F
1-1: SINGLE (Line Drive, 6MD)
Batting: LHB Steve Grimes 0-0: Ball
1-0: Ball
2-0: Fly out, F8 (Flyball, 8RM)
Bottom of the 2nd over - 0 run(s), 2 hit(s), 0 error(s), 1 left on base; Jacksonville 5 - Panama City 0
TOP OF THE 3RD
Jacksonville Sharks batting - Pitching for Panama City Piranhas : RHP Octávio Rodríguez
Batting: SHB Dustin Tucker 0-0: SINGLE (Groundball, 56)
Batting: RHB Randolph Davis 0-0: Ball
1-0: Ball
2-0: Foul Ball, location: 2F
2-1: SINGLE (Groundball, 5D) (infield hit)
Dustin Tucker to second
Batting: LHB Chris Henry 0-0: Ball
1-0: Called Strike
1-1: Ball
2-1: Foul Ball, location: 2F
2-2: Fly out, F7 (Flyball, 78M)
Batting: RHB Dave Knight 0-0: Ball
1-0: Called Strike
1-1: Ball
2-1: Foul Ball, location: 2F
2-2: Foul Ball, location: 2F
2-2: 3-RUN HOME RUN (Flyball, 78XD), Distance : 391 ft
Pitching: RHP Bob Compton
Batting: LHB William Davis 0-0: Called Strike
0-1: Ball
1-1: Ball
2-1: Called Strike
2-2: Foul Ball, location: 2F
2-2: Ball
3-2: Foul Ball, location: 2F
3-2: Strikes out looking
Batting: SHB Gregg Wagner 0-0: Called Strike
0-1: Swinging Strike
0-2: Ball
1-2: Ball
2-2: Strikes out looking
Top of the 3rd over - 3 run(s), 3 hit(s), 0 error(s), 0 left on base; Jacksonville 8 - Panama City 0
BOTTOM OF THE 3RD
Panama City Piranhas batting - Pitching for Jacksonville Sharks : LHP William Davis
Batting: RHB Bob Compton 0-0: Ball
1-0: Ball
2-0: Ground out 6-3 (Groundball, 6M)
Batting: RHB William Hull 0-0: Ball
1-0: Foul Ball, location: 2F
1-1: Ball
2-1: Bunted foul
2-2: Ball
3-2: DOUBLE (Groundball, 3L)
Batting: RHB Joel Lee 0-0: Ball
1-0: Swinging Strike
1-1: Called Strike
1-2: Ball
2-2: Strikes out swinging
Batting: SHB Marc Talamante 0-0: SINGLE (Line Drive, 7LS)
William Hull to third
Runner from 3rd tries for Home, SAFE, no throw or cutoff
Batting: RHB Hal Romaine 0-0: Ball
Marc Talamante steals 2nd base
1-0: Reached on error, E3 (Groundball, 3L)
Marc Talamante to third
Batting: RHB Harvey Porter 0-0: Called Strike
0-1: Fielders Choice at 2nd, U6 (Groundball, 6M)
Bottom of the 3rd over - 1 run(s), 2 hit(s), 1 error(s), 2 left on base; Jacksonville 8 - Panama City 1
TOP OF THE 4TH
Jacksonville Sharks batting - Pitching for Panama City Piranhas : RHP Bob Compton
Batting: RHB Pedro Cruz 0-0: Ball
1-0: Ball
2-0: Ball
3-0: Called Strike
3-1: Fly out, F9 (Flyball, 89S)
Batting: RHB Luis Muńóz 0-0: Ball
1-0: Ball
2-0: Ball
3-0: Base on Balls
Batting: RHB Bertrand Sunter 0-0: Ball
1-0: Called Strike
1-1: Ball
2-1: Foul Ball, location: 2F
2-2: Strikes out swinging
Batting: SHB Dustin Tucker 0-0: Ball
1-0: Ball
2-0: Foul Ball, location: 2F
2-1: Ball
3-1: Base on Balls
Luis Muńóz to second
Batting: RHB Randolph Davis 0-0: Ball
1-0: Fly out, F5 (Line Drive, 5)
Top of the 4th over - 0 run(s), 0 hit(s), 0 error(s), 2 left on base; Jacksonville 8 - Panama City 1
BOTTOM OF THE 4TH
Panama City Piranhas batting - Pitching for Jacksonville Sharks : LHP William Davis
Batting: SHB Wook-jin Pae 0-0: Ball
1-0: Foul Ball, location: 2F
1-1: Ball
2-1: Foul Ball, location: 2F
2-2: Strikes out swinging
Batting: SHB Theodore Buck 0-0: Foul Ball, location: 2F
0-1: Ball
1-1: Called Strike
1-2: Ball
2-2: Strikes out looking
Batting: LHB Steve Grimes 0-0: Ball
1-0: Foul Ball, location: 2F
1-1: Fly out, F4 (Line Drive, 4)
Bottom of the 4th over - 0 run(s), 0 hit(s), 0 error(s), 0 left on base; Jacksonville 8 - Panama City 1
TOP OF THE 5TH
Jacksonville Sharks batting - Pitching for Panama City Piranhas : RHP Bob Compton
Batting: LHB Chris Henry 0-0: Ball
1-0: Called Strike
1-1: Called Strike
1-2: Strikes out swinging
Batting: RHB Dave Knight 0-0: Foul Ball, location: 2F
0-1: Ball
1-1: Ball
2-1: Swinging Strike
2-2: Strikes out swinging
Batting: LHB William Davis 0-0: Called Strike
0-1: Ground out 4-3 (Groundball, 4)
Top of the 5th over - 0 run(s), 0 hit(s), 0 error(s), 0 left on base; Jacksonville 8 - Panama City 1
BOTTOM OF THE 5TH
Panama City Piranhas batting - Pitching for Jacksonville Sharks : LHP William Davis
Batting: RHB Bob Compton 0-0: Called Strike
0-1: Called Strike
0-2: Ball
1-2: Strikes out swinging
Batting: RHB William Hull 0-0: Foul Ball, location: 2F
0-1: Ball
1-1: Called Strike
1-2: Strikes out swinging
Batting: RHB Joel Lee 0-0: Ball
1-0: Called Strike
1-1: Fly out, F6 (Line Drive, 6M)
Bottom of the 5th over - 0 run(s), 0 hit(s), 0 error(s), 0 left on base; Jacksonville 8 - Panama City 1
TOP OF THE 6TH
Jacksonville Sharks batting - Pitching for Panama City Piranhas : RHP Bob Compton
Batting: SHB Gregg Wagner 0-0: Ball
1-0: Called Strike
1-1: Foul Ball, location: 2F
1-2: SINGLE (Groundball, 6MD)
Pitching: RHP Rubén Ramírez
Batting: RHB Pedro Cruz 0-0: Ball
1-0: Fly out, F8 (Popup, 4MD)
Batting: RHB Luis Muńóz 0-0: Called Strike
0-1: Called Strike
0-2: Foul Ball, location: 2F
0-2: Ball
1-2: Ball
2-2: Ball
3-2: Base on Balls
Gregg Wagner to second
Batting: RHB Bertrand Sunter 0-0: Called Strike
0-1: Swinging Strike
0-2: Strikes out swinging
Batting: SHB Dustin Tucker 0-0: Ball
1-0: Ball
2-0: Called Strike
2-1: Ball
3-1: Ground out 3-1 (Groundball, 3)
Top of the 6th over - 0 run(s), 1 hit(s), 0 error(s), 2 left on base; Jacksonville 8 - Panama City 1
BOTTOM OF THE 6TH
Panama City Piranhas batting - Pitching for Jacksonville Sharks : LHP William Davis
Batting: SHB Marc Talamante 0-0: Called Strike
0-1: Ball
1-1: Called Strike
1-2: Strikes out swinging
Batting: RHB Hal Romaine 0-0: Called Strike
0-1: Ball
1-1: Foul Ball, location: 2F
1-2: Fly out, F3 (Popup, 3F)
Batting: RHB Harvey Porter 0-0: Ball
1-0: SOLO HOME RUN (Line Drive, 7LD), Distance : 331 ft
Batting: SHB Wook-jin Pae 0-0: Ground out 4-3 (Groundball, 4)
Bottom of the 6th over - 1 run(s), 1 hit(s), 0 error(s), 0 left on base; Jacksonville 8 - Panama City 2
TOP OF THE 7TH
Jacksonville Sharks batting - Pitching for Panama City Piranhas : RHP Rubén Ramírez
Batting: RHB Randolph Davis 0-0: Ball
1-0: Ball
2-0: SINGLE (Groundball, 25) (infield hit)
Batting: LHB Chris Henry 0-0: Ball
Wild Pitch!
Randolph Davis to second
1-0: Swinging Strike
1-1: Swinging Strike
1-2: Strikes out looking
Batting: RHB Dave Knight 0-0: Called Strike
0-1: Ball
1-1: Ball
2-1: Ball
3-1: Base on Balls
Batting: LHB William Davis 0-0: Sac Bunt - play at first, batter OUT! 5-4
Randolph Davis to third
Dave Knight to second
Batting: SHB Gregg Wagner 0-0: Ball
1-0: Ball
2-0: Ball
3-0: Called Strike
3-1: Fly out, F5 (Popup, 5SF)
Top of the 7th over - 0 run(s), 1 hit(s), 0 error(s), 2 left on base; Jacksonville 8 - Panama City 2
BOTTOM OF THE 7TH
Panama City Piranhas batting - Pitching for Jacksonville Sharks : LHP William Davis
Now in CF: Forest Simmons
Batting: SHB Theodore Buck 0-0: Ball
1-0: Foul Ball, location: 2F
1-1: Foul Ball, location: 2F
1-2: Foul Ball, location: 2F
1-2: Ball
2-2: Foul Ball, location: 2F
2-2: Ball
3-2: Ground out 6-3 (Groundball, 6)
Batting: LHB Steve Grimes 0-0: Fly out, F7 (Popup, 56D)
Pinch Hitting: LHB Francisco Sánchez 0-0: Ball
1-0: SINGLE (Groundball, 34S)
Batting: RHB William Hull 0-0: Called Strike
0-1: Ball
1-1: Ball
2-1: Foul Ball, location: 2F
2-2: Foul Ball, location: 2F
2-2: Foul Ball, location: 2F
2-2: Strikes out looking
Bottom of the 7th over - 0 run(s), 1 hit(s), 0 error(s), 1 left on base; Jacksonville 8 - Panama City 2
TOP OF THE 8TH
Jacksonville Sharks batting - Pitching for Panama City Piranhas : RHP Rubén Ramírez
Pitching: LHP Andy Hayden
Batting: RHB Pedro Cruz 0-0: Called Strike
0-1: Foul Ball, location: 2F
0-2: Ball
1-2: Ball
2-2: SINGLE (Groundball, 56)
Batting: RHB Luis Muńóz 0-0: Called Strike
0-1: Ball
1-1: Ball
2-1: Fly out, F9 (Flyball, 9M)
Batting: RHB Bertrand Sunter 0-0: Swinging Strike
0-1: Called Strike
0-2: Ball
Wild Pitch!
Pedro Cruz to second
1-2: Ground out 6-3 (Groundball, 6M)
Pedro Cruz to third
Batting: SHB Dustin Tucker 0-0: Called Strike
0-1: Ball
1-1: Ball
2-1: Ball
3-1: Called Strike
3-2: Foul Ball, location: 2F
3-2: Strikes out swinging
Top of the 8th over - 0 run(s), 1 hit(s), 0 error(s), 1 left on base; Jacksonville 8 - Panama City 2
BOTTOM OF THE 8TH
Panama City Piranhas batting - Pitching for Jacksonville Sharks : LHP William Davis
Batting: RHB Joel Lee 0-0: Called Strike
0-1: Ball
1-1: Swinging Strike
1-2: Fly out, F6 (Line Drive, 6)
Batting: SHB Marc Talamante 0-0: Fly out, F3 (Popup, 3F)
Batting: RHB Hal Romaine 0-0: Ball
1-0: Ball
2-0: Swinging Strike
2-1: Ball
3-1: Foul Ball, location: 2F
3-2: Strikes out looking
Bottom of the 8th over - 0 run(s), 0 hit(s), 0 error(s), 0 left on base; Jacksonville 8 - Panama City 2
TOP OF THE 9TH
Jacksonville Sharks batting - Pitching for Panama City Piranhas : LHP Andy Hayden
Batting: RHB Randolph Davis 0-0: Fly out, F3 (Popup, 3F)
Batting: LHB Chris Henry 0-0: Ball
1-0: Ball
2-0: Ball
3-0: Called Strike
3-1: Base on Balls
Batting: RHB Dave Knight 0-0: Called Strike
0-1: Foul Ball, location: 2F
0-2: Ball
1-2: Foul Ball, location: 2F
1-2: Foul Ball, location: 2F
1-2: Ball
2-2: Ball
3-2: Strikes out swinging
Batting: LHB William Davis 0-0: Called Strike
0-1: Swinging Strike
0-2: Ball
1-2: SINGLE (Groundball, 56)
Chris Henry to second
Batting: RHB Forest Simmons 0-0: SINGLE (Line Drive, 8RS)
Chris Henry to third
William Davis to second
Runner from 3rd tries for Home, SAFE, no throw or cutoff
Batting: RHB Pedro Cruz 0-0: Ball
1-0: Swinging Strike
1-1: Ball
2-1: Ball
3-1: Base on Balls
William Davis to third
Forest Simmons to second
Batting: RHB Luis Muńóz 0-0: Fly out, F7 (Flyball, 7M)
Top of the 9th over - 1 run(s), 2 hit(s), 0 error(s), 3 left on base; Jacksonville 9 - Panama City 2
BOTTOM OF THE 9TH
Panama City Piranhas batting - Pitching for Jacksonville Sharks : LHP William Davis
Batting: RHB Harvey Porter 0-0: Ball
1-0: Ball
2-0: Called Strike
2-1: Ball
3-1: Base on Balls
Batting: SHB Wook-jin Pae 0-0: Ball
1-0: Ball
2-0: Foul Ball, location: 2F
2-1: Ball
3-1: DOUBLE (Groundball, 5L)
Harvey Porter to third
Batting: SHB Theodore Buck 0-0: Called Strike
0-1: Ball
1-1: DOUBLE (Flyball, 89M)
Harvey Porter scores
Wook-jin Pae scores
Pitching: RHP Javier Peralta
Batting: LHB Steve Grimes 0-0: Called Strike
0-1: Fly out, F7 (Flyball, 7M)
Pinch Hitting: LHB Imre Brincka 0-0: Called Strike
0-1: Hit by Pitch
Batting: RHB William Hull 0-0: Ball
1-0: Called Strike
1-1: Ball
2-1: Fly out, F9 (Flyball, 9M)
Batting: RHB Joel Lee 0-0: Ball
1-0: Foul Ball, location: 2F
1-1: Ball
2-1: 3-RUN HOME RUN (Flyball, 7LD), Distance : 345 ft
Batting: SHB Marc Talamante 0-0: SOLO HOME RUN (Flyball, 9D), Distance : 392 ft
Pitching: RHP Ánibal Sánchez
Batting: RHB Hal Romaine 0-0: Called Strike
0-1: Ball
1-1: Called Strike
1-2: Strikes out swinging
Bottom of the 9th over - 6 run(s), 4 hit(s), 0 error(s), 0 left on base; Jacksonville 9 - Panama City 8
This league is powered by Out of the Park Baseball, the baseball management simulation game for PC, Mac and Linux
Monday, May 4th, 2015 - OOTP Baseball 15.6 Build 34